 Dungeon Crawl Stone Soup version 0.30-a0-170-g85af917532 (webtiles) character file.

Game seed: 17034272330875973225

35 qw the Chopper (level 3, -1/23 HPs)
             Began as a Gargoyle Fighter on Sept 30, 2022.
             Slain by a gnoll
             ... wielding a +0 spear
              (4 damage)
             ... on level 3 of the Dungeon.
             The game lasted 00:00:33 (1460 turns).

qw the Chopper (Gargoyle Fighter)                   Turns: 1460, Time: 00:00:33

Health: -1/23      AC: 10    Str: 21    XL:     3   Next: 35%
Magic:  3/3        EV:  9    Int:  8    God:
Gold:   72         SH:  4    Dex:  9    Spells: 2/2 levels left

rFire   . . .      SeeInvis .    Y - +0 war axe
rCold   . . .      Faith    .    c - +0 buckler
rNeg    + . .      Spirit   .    b - +0 scale mail
rPois   inf        Reflect  .    (no helmet)
rElec   +          Harm     .    (no cloak)
rCorr   .          Rampage  .    (no gloves)
Will    .....                    (no boots)
Stlth   ..........               (no amulet)
HPRegen 0.07/turn                (no ring)
MPRegen 0.08/turn                (no ring)

@: no status effects
A: sickness immunity, AC +3, negative energy resistance 1, electricity
resistance, torment resistance 1, petrification resistance
a: no special abilities


You were on level 3 of the Dungeon.
You visited 1 branch of the dungeon, and saw 3 of its levels.

You collected 72 gold pieces.


Innate Abilities, Weirdness & Mutations

You are immune to sickness and miasma.
Your stone body is resilient. (AC +3)
You are immune to poison.
You resist negative energy. (rN+)
You are resistant to electric shocks. (rElec)
You are resistant to unholy torment.
You are immune to petrification.


   Skills:
 - Level 3.2 Fighting
 + Level 3.3 Axes
 - Level 3.2 Armour
 - Level 3.2 Shields


You had 2 spell levels left.
You didn't know any spells.
Your spell library was empty.

Inventory:

Hand Weapons
 f - a +0 flail
 Y - a +0 war axe (weapon)
Armour
 b - a +0 scale mail (worn)
 c - a +0 buckler (worn)
Scrolls
 a - a scroll of amnesia {unknown}
 e - 3 scrolls of poison {unknown}
Potions
 d - a potion of might
 j - a potion of berserk rage {unknown}
 k - a potion of brilliance {unknown}
 l - a potion of cancellation {unknown}

Dungeon Overview and Level Annotations

Branches:
Dungeon (2/15)

Altars:
Fedhas
Kikubaaqudgha
Ru
Vehumet
Zin

Shops:
D:1 [?[


Message History

You slash the worm!
You kill the worm!
You now have enough gold to buy a +0 pair of gloves on D:1.
You can access your shopping list by pressing '$'.
You now have 72 gold pieces (gained 13).
Found a glowing silver altar of Zin.
A gnoll comes into view. It is wielding a +0 spear.
You hear the slow rusting of a drain nearby.
A gnoll comes into view. It is wielding a +0 halberd.
Found a radiant altar of Vehumet and a blossoming altar of Fedhas.
The gnoll shouts!
You hear a shout!
A gnoll comes into view. It is wielding a +0 broad axe.
The gnoll closely misses you.
Found an ancient bone altar of Kikubaaqudgha and a sacrificial altar of Ru.
The gnoll hits you but does no damage. The gnoll closely misses you.
You closely miss the gnoll.
A gnoll comes into view. It is wielding a +0 spear.
The gnoll closely misses you. The gnoll hits you with a +0 spear.
You completely miss the gnoll. The gnoll closely misses you.
The gnoll hits you with a +0 spear.
The gnoll hits you from afar with a +0 halberd!
Ouch! That really hurt!
1457 ||| DRINKING potion of heal wounds.
You feel much better.
The gnoll hits you from afar with a +0 halberd!
The gnoll closely misses you.
You closely miss the gnoll. You block the gnoll's attack.
The gnoll hits you but does no damage. The gnoll hits you with a +0 broad axe!
You slash the gnoll!
The gnoll is severely wounded.
The gnoll barely misses you.
The gnoll hits you from afar with a +0 spear.
The gnoll barely misses you.
You hit the gnoll.
You kill the gnoll!
The gnoll hits you but does no damage. The gnoll barely misses you.
You block the gnoll's attack.
The gnoll hits you from afar with a +0 spear.
You die...

........
#..........#########
#..........#
#..........#
#..........# ###
#..........#
#...#.?........#
.._....).......########
_....g.@.....).#......#
.....g...$....)...###)#
..8..g..............#.#
.......+#####.......#.#
_.....# #.........#
.._... #.....##.###
#..... #.######.#
##.... #.#<.....####
#.###........


You could see 3 gnolls.

Vanquished Creatures
  A gnoll (D:3)
  A worm (D:3)
  An orc (D:3)
  3 bats (D:1)
  3 endoplasms (D:1)
  2 giant cockroaches
  4 goblins (D:1)
  3 hobgoblins (D:1)
  A quokka (D:1)
  A ball python (D:1)
  2 frilled lizards (D:1)
  6 kobolds
  2 rats (D:1)
30 creatures vanquished.

Notes
Turn   | Place    | Note
-------+----------+-------------------------------------------
     0 | D:1      | qw the Gargoyle Fighter began the quest for the Orb.
     0 | D:1      | Reached XP level 1. HP: 14/14 MP: 1/1
     0 | D:1      | 0 ||| qw: Version: 0.2-a-12-gaebbb33
     0 | D:1      | 0 ||| qw: Game counter: 1429
     0 | D:1      | 0 ||| qw: Always use a shield: true
     0 | D:1      | 0 ||| qw: God list: Okawaru
     0 | D:1      | 0 ||| qw: Allow faded altars: false
     0 | D:1      | 0 ||| qw: Do Orc after D:15 true
     0 | D:1      | 0 ||| qw: Do second Lair branch before Depths: true
     0 | D:1      | 0 ||| qw: Lair rune preference: random
     0 | D:1      | 0 ||| qw: Plans: Normal, Zot:1-4, God:TSO, Crypt, Tomb,
                  | Pan, Slime:5, Hells, Abyss, Orb
     0 | D:1      | 0 ||| PLANNING D:1-11
    83 | D:1      | 83 ||| Stepping ~*~*~tactically~*~*~ (stealth).
   346 | D:1      | Found Zynioly's Magic Scroll Boutique.
   366 | D:1      | 366 ||| SHOPLISTING scroll of identify (26 gold, have 11).
   366 | D:1      | 366 ||| SHOPLISTING scroll of teleportation (39 gold, have
                  | 11).
   379 | D:1      | Reached XP level 2. HP: 10/19 MP: 2/2
   613 | D:1      | Found Veanoge's Armour Emporium.
   637 | D:1      | 637 ||| SHOPLISTING +0 pair of gloves (63 gold, have 18).
   637 | D:1      | 637 ||| SHOPLISTING +0 scale mail "Usyrez" {Str+6 Int+2
                  | Stlth+} (428 gold, have 18).
   782 | D:1      | Found Ruath's Armour Boutique.
   803 | D:1      | 803 ||| SHOPLISTING +0 kite shield (45 gold, have 38).
   803 | D:1      | 803 ||| SHOPLISTING +1 scale mail of cold resistance (160
                  | gold, have 38).
   803 | D:1      | 803 ||| SHOPLISTING +3 scale mail of cold resistance (260
                  | gold, have 38).
   829 | D:1      | 829 ||| Stepping ~*~*~tactically~*~*~ (stealth).
   834 | D:1      | Reached skill level 3 in Axes
   910 | D:1      | Reached XP level 3. HP: 21/23 MP: 3/3
  1335 | D:1      | 1335 ||| READING scroll labelled YMAMPYEK QAGIJ.
  1336 | D:1      | 1336 ||| READING scroll labelled KIEMO CAUS.
  1337 | D:1      | 1337 ||| READING scroll labelled TES HIOPHITRU.
  1338 | D:1      | 1338 ||| READING scroll labelled TUG TITALERRA.
  1339 | D:1      | 1339 ||| READING scroll labelled ZUGERA KIFOOGRO.
  1340 | D:1      | 1340 ||| READING scroll labelled QUFRUZESARI.
  1341 | D:1      | 1341 ||| DRINKING 2 metallic sapphire potions.
  1354 | D:2      | You fall into a shaft and drop 1 floor!
  1355 | D:3      | 1355 ||| PLANNING SEWER
  1416 | D:3      | 1416 ||| DROPPING +0 club.
  1431 | D:3      | 1431 ||| DROPPING +0 whip.
  1449 | D:3      | Found a glowing silver altar of Zin.
  1452 | D:3      | Found a radiant altar of Vehumet.
  1452 | D:3      | Found a blossoming altar of Fedhas.
  1454 | D:3      | Found an ancient bone altar of Kikubaaqudgha.
  1454 | D:3      | Found a sacrificial altar of Ru.
  1456 | D:3      | HP: 1/23 [gnoll/+0 halberd (13)]
  1457 | D:3      | 1457 ||| DRINKING potion of heal wounds.
  1460 | D:3      | Slain by a gnoll

Levels and vault maps discovered:
D:1:      dpeg_arrival_simpleton_b, layout_basic, serial_shops,
          nicolae_square_shop, nicolae_shop_statue_plus, shop
D:2:      layout_basic, ebering_ecumenical_altar_ruins,
          minmay_misc_feat_columns, uniq_jessica
D:3:      layout_basic, grunt_temple_overflow_open, portal_sewer_entry_d

Skill      XL: |  1  2 |
---------------+-------+-----
Axes           | 2 3 |  3.3
Fighting       | |  3.2
Armour         | |  3.2
Shields        | |  3.2

Action                   || total
-------------------------++-------
Melee: War axe           ||   101
  Use: Scroll            ||     6
       Potion            ||     2
Armor: Scale mail        ||    51
Dodge: Dodged            ||    51
Block: Buckler           ||    15

Table legend:
 A = Non-vault XP
 B = Vault XP
 C = Vault XP percentage of total XP
 D = Non-vault monster count
 E = Vault monster count
 F = Vault count percentage of total count
                 A         B        C        D         E       F
            +---------+---------+-------+---------+---------+-------
      Total |      65 |       0 |   0.0 |      30 |       0 |   0.0
            +---------+---------+-------+---------+---------+-------
        D:1 |      40 |       0 |   0.0 |      25 |       0 |   0.0
        D:3 |      25 |       0 |   0.0 |       5 |       0 |   0.0
            +---------+---------+-------+---------+---------+-------
